 Dungeon Crawl Stone Soup version 0.27-a0-1595-g0b823d0a13 (webtiles) character file.

Game seed: 5703460614500092285

140 bande the Skirmisher (level 5, -2/49 HPs)
             Began as a Gargoyle Fighter on July 21, 2021.
             Killed by divine providence
             ... invoked by an orc priest
              (11 damage)
             ... on level 3 of the Dungeon.
             The game lasted 00:05:28 (3857 turns).

bande the Skirmisher (Gargoyle Fighter)             Turns: 3857, Time: 00:05:29

Health: -2/49      AC: 22    Str: 20    XL:     5   Next: 23%
Magic:  5/5        EV:  2    Int:  8    God:
Gold:   224        SH:  9    Dex: 10    Spells: 4/4 levels left

rFire    . . .     SeeInvis .   a - +1 war axe
rCold    . . .     Faith    .   c - +0 kite shield
rNeg     + + +     Spirit   .   (armour currently unavailable)
rPois    ∞         Reflect  .   (helmet currently unavailable)
rElec    .         Harm     .   (cloak currently unavailable)
rCorr    .         Rampage  .   (gloves currently unavailable)
Will     .....     NoTele   +   (boots currently unavailable)
Stlth    +.........             (no amulet)
HPRegen  0.16/turn              (no ring)
MPRegen  0.09/turn              (no ring)

@: tree-form
A: stationary, stasis, torment immunity, boosted hp, sickness immunity, AC +4,
negative energy resistance 1, (electricity resistance), torment resistance 1,
petrification resistance
a: no special abilities


You were on level 3 of the Dungeon.
You were a tree.
You visited 1 branch of the dungeon, and saw 4 of its levels.

You collected 224 gold pieces.

Inventory:

Hand Weapons
 a - a +1 war axe (weapon)
 b - a +0 flail
Armour
 c - a +0 kite shield (worn)
 g - a +1 hat (melded)
 j - a +0 helmet
 m - a +0 plate armour (melded)
Jewellery
 e - a ring of willpower
 h - an amulet of faith
Wands
 i - a wand of flame (13)
Scrolls
 l - a scroll of enchant armour
 n - a scroll of amnesia
Potions
 d - a potion of might
 f - a potion of brilliance
 o - a potion of mutation {unknown}
 p - a potion of lignification


   Skills:
 + Level 3.9 Fighting
 + Level 3.6 Axes
 + Level 3.8 Armour
 + Level 0.7 Dodging
 + Level 3.7 Shields


You had 4 spell levels left.
You didn't know any spells.
Your spell library contained the following spells:

 Spells                   Type           Power      Damage    Failure   Level
 Ensorcelled Hibernation  Hex/Ice        0%         N/A       95%         2
 Inner Flame              Hex/Fire       0%         N/A       99%         3
 Ozocubu's Armour         Ice            0%         N/A       99%         3
 Spider Form              Tmut/Pois      0%         N/A       99%         3
 Cause Fear               Hex            0%         N/A       100%        4
 Metabolic Englaciation   Hex/Ice        0%         N/A       100%        5
 Shadow Creatures         Summ           N/A        N/A       100%        6
 Simulacrum               Ice/Necr       0%         N/A       100%        6
 Discord                  Hex            0%         N/A       100%        8


Dungeon Overview and Level Annotations

Branches:
Dungeon (4/15)
 Temple: D:4-7

Altars:
Dithmenos

Shops:
D:1 ?


Innate Abilities, Weirdness & Mutations

You are a tree.
Your roots penetrate the ground, keeping you stationary.
You cannot be teleported.
You are immune to unholy pain and torment.
Your maximum health is greatly increased.
Your equipment is partially melded.
You are immune to sickness and miasma.
((Your stone body is resilient. (AC +4)))
You are immune to poison.
You resist negative energy. (rN+)
((You are resistant to electric shocks. (rElec)))
You are resistant to unholy torment.
You are immune to petrification.


Message History

Your plate armour prevents you from hitting the orc.
The orc priest hits you but does no damage.
The orc hits you but does no damage.
The orc priest hits you but does no damage.
Unknown command.
You're too confused to move!
The orc hits you with a +0 club.
The orc priest mumbles some strange prayers to Beogh against you.
Pain shoots through your body!
Unknown command.
You slash the orc priest!
The orc priest is almost dead.
You hit the orc. The orc hits you but does no damage.
The orc priest invokes the aid of Beogh against you.
Beogh smites you!
* * * LOW HITPOINT WARNING * * *
The orc hits you but does no damage.
You bump into the rock wall.
The orc priest hits you but does no damage.
The orc hits you but does no damage.
Unknown command.
It was a potion of lignification.
You turn into a tree.
Your +1 hat melds into your body.
Your +0 plate armour melds into your body.
Your roots penetrate the ground.
You feel less confused. You block the orc priest's attack.
The orc barely misses you.
Your shield prevents you from hitting the orc priest.
The orc priest is almost dead.
You hit the orc but do no damage.
The orc priest hits you but does no damage.
The orc hits you but does no damage.
The orc priest hits you but does no damage.
The orc hits you but does no damage.
You hit the orc priest.
The orc priest is almost dead.
You hit the orc.
You kill the orc!
The orc priest invokes the aid of Beogh against you.
Beogh smites you!
You die...

#.##.................#
##....#'#.
#.##.................# #..#...#.
#.##.................# #......#.
#.##........(........# #....#.##
#.#########'##.......####......#
..# #.##.........<#.#..#### ###
#######.###..###.............
..# #.......# ##o#
##.###.#..#### #.# #.#####.# #♣#
#.# #....#... #.###.# ### #)#
#.# #.?.##.## ......# #.#
#.###........ #.######### #.#
#......###.#. #.........# #.#
#####.####.#. #########.# #.#
#........ ..# #.#
#.################ #.# #.#
#.......)......... #)# #.#
##################


You could see an orc priest.

Vanquished Creatures
  Robin (D:2)
  2 adders (D:2)
  3 gnolls (D:3)
  2 worms (D:2)
  A dart slug (D:2)
  5 orcs (D:3)
  2 ball pythons
  4 bats
  3 endoplasms
  3 giant cockroaches
  12 goblins
  7 hobgoblins
  6 jackals (D:2)
  2 quokkas
  2 frilled lizards (D:1)
  7 kobolds
  6 rats
68 creatures vanquished.

Notes
Turn   | Place    | Note
-------+----------+-------------------------------------------
     0 | D:1      | bande the Gargoyle Fighter began the quest for the Orb.
     0 | D:1      | Reached XP level 1. HP: 14/14 MP: 1/1
   341 | D:1      | Reached XP level 2. HP: 19/19 MP: 2/2
   570 | D:1      | Found a faded altar of an unknown god.
  1001 | D:1      | Found Gegy's Magic Scroll Shoppe.
  1074 | D:2      | Reached XP level 3. HP: 24/24 MP: 3/3
  1653 | D:2      | Reached XP level 4. HP: 29/29 MP: 4/4
  1730 | D:2      | Noticed Robin
  2217 | D:2      | Killed Robin
  2831 | D:3      | Reached XP level 5. HP: 30/33 MP: 5/5
  3729 | D:4      | Found a shadowy altar of Dithmenos.
  3857 | D:3      | Killed from afar by an orc priest

Illustrated notes

Levels and vault maps discovered:
D:1:      minmay_arrival_four_houses, layout_basic,
          hellmonk_ecumenical_altar_pennies_from_heaven, serial_shops,
          nicolae_shop_crystal, hex_medium
D:2:      minmay_angry_zag, layout_basic, uniq_robin
D:3:      layout_basic
D:4:      layout_layer_cave, nicolae_dithmenos_through_a_glass_darkly,
          gammafunk_temple_overflow_wave, serial_shops,
          nicolae_shop_behind_doors, kennysheep_mini, kennysheep_mini_moat,
          shop, uniq_edmund, uniq_crazy_yiuf_cottage

Skill      XL: |  1  2  3  4 |
---------------+-------------+-----
Axes           | 2 3 |  3.6
Fighting       | |  3.9
Armour         | |  3.8
Dodging        | |  0.7
Shields        | |  3.7

Action                   |  1- 3 |  4- 6 || total
-------------------------+-------+-------++-------
Melee: War axe           |    95 |   120 ||   215
  Use: Scroll            |       |     5 ||     5
       Potion            |       |     3 ||     3
Armor: Scale mail        |    44 |    53 ||    97
       Plate armour      |       |    39 ||    39
       Skin              |       |     4 ||     4
Dodge: Dodged            |    32 |    39 ||    71
Block: Kite shield       |    52 |    61 ||   113

Table legend: (Time is in decaauts)
 A = Elapsed time spent in this place.
 B = Non-inter-level travel time spent in this place.
 C = Inter-level travel time spent in this place.
 D = Time resting spent in this place.
 E = Time spent auto-exploring this place.
 F = Levels seen in this place.
 G = Mean time per level.
                   A        B        C        D        E       F      G
               +--------+--------+--------+--------+--------+-----+--------+
         Total |   3994 |   3968 |     26 |    523 |   2662 |   4 |  998.5 |
       Dungeon |   3994 |   3968 |     26 |    523 |   2662 |   4 |  998.5 |
               +--------+--------+--------+--------+--------+-----+--------+

Top non-repeatable levels by time:
     D:1: 1474 daAuts
     D:2: 1441 daAuts
     D:3: 957 daAuts
     D:4: 120 daAuts
